 Dungeon Crawl Stone Soup version 0.32-a0-712-g515539a (webtiles) character file.

Game seed: 2285465899616419308

207 TheGoonsmith the Twirler (level 5, -5/41 HPs)
             Began as a Demonspawn Gladiator on Mar 15, 2024.
             Killed by divine providence
             ... invoked by an orc priest
              (16 damage)
             ... on level 4 of the Dungeon.
             The game lasted 00:04:20 (2632 turns).

TheGoonsmith the Twirler (Demonspawn Gladiator)     Turns: 2632, Time: 00:04:21

Health: -5/41      AC:  9    Str: 16    XL:     5   Next: 54%
Magic:  5/5        EV:  7    Int:  9    God:
Gold:   144        SH:  0    Dex: 14    Spells: 4/4 levels left

rFire   . . .        a - +0 quarterstaff
rCold   . . .        (shield currently unavailable)
rNeg    . . .        j - +0 chain mail
rPois   .            (helmet restricted)
rElec   .            (no cloak)
rCorr   .            l - +0 pair of gloves
SInv    .            (no boots)
Will    .....        (no amulet) Stlth
                     (no ring)
HPRegen 0.26/turn    (no ring)
MPRegen 0.18/turn

%: no passive effects
@: no status effects
A: antennae 1, powered by death 1, magic regeneration
a: Convert to Beogh


You were on level 4 of the Dungeon.
You visited 1 branch of the dungeon, and saw 4 of its levels.

You collected 144 gold pieces.

Inventory:

Hand Weapons
 a - a +0 quarterstaff (weapon)
Missiles
 d - 3 throwing nets (quivered)
 e - a javelin
Armour
 b - a +0 leather armour
 c - a +0 helmet
 j - a +0 chain mail (worn)
 l - a +0 pair of gloves (worn)
Scrolls
 f - 3 scrolls of identify {unknown}
 g - 2 scrolls of teleportation {unknown}
 h - 2 scrolls of vulnerability {unknown}
 i - 2 scrolls of enchant weapon {unknown}
 k - 2 scrolls of amnesia {unknown}
 m - a scroll of silence {unknown}


   Skills:
 + Level 3.3 Fighting
 * Level 4.5 Staves
 - Level 1.7 Throwing
 + Level 3.7 Dodging


You had 4 spell levels left.
You didn't know any spells.
Your spell library contained the following spells:

 Spells                   Type           Power      Damage    Failure   Level
 Inner Flame              Hex/Fire       0%         N/A       100%        3
 Flame Wave               Conj/Fire      0%         2d4       100%        4
 Sticky Flame             Fire/Alch      0%         2d4       100%        4


Dungeon Overview and Level Annotations

Branches:
Dungeon (4/15)
 Temple: D:4-7

Altars:
Dithmenos

Shops:
D:1 ((!


Innate Abilities, Weirdness & Mutations

You have a pair of small antennae on your head.
You regenerate a little health from kills.
You regenerate magic rapidly.


Message History

The orc priest barely misses you.
The orc priest threatens, "Beogh's wrath is as vast as their mercy.
Make your choice!"
The orc priest hits you but does no damage.
You barely miss the orc priest.
The orc priest is lightly wounded.
The orc priest hits you with a +0 dagger.
The orc priest hits you but does no damage.
You hit the orc priest but do no damage.
The orc priest is lightly wounded.
The orc priest barely misses you. x2
You hit the orc priest but do no damage.
The orc priest is lightly wounded.
The orc priest begins to cast a cantrip, but forgets the words!
The orc priest barely misses you.
You closely miss the orc priest.
The orc priest is lightly wounded.
The orc priest looks encouraged for a moment.
The orc priest barely misses you.
The orc priest shouts, "The Pantheon deserves no one's loyalty.
Let us show you the true path!"
You hit the orc priest.
The orc priest is moderately wounded.
The orc priest mumbles some strange prayers to Beogh against you.
Beogh smites you!
* * * LOW HITPOINT WARNING * * *
The orc priest hits you but does no damage.
You aren't carrying any potions.
You barely miss the orc priest.
The orc priest is moderately wounded.
The orc priest misses you.
The orc priest hits you but does no damage.
You closely miss the orc priest.
The orc priest is moderately wounded.
The orc priest hits you but does no damage.
The orc priest barely misses you.
You hit the orc priest but do no damage.
The orc priest calls upon Beogh to heal the orc priest.
The orc priest's wounds heal themselves!
The orc priest mumbles some strange prayers to Beogh against you.
Beogh smites you!
You die...

... ... ... #.#
...
################.#
...............oo#
#....# #@#
#....#######.#
#............#
#####............#
.................#
#####............#
###..........#
#.######...# #.#
#...#


You could see 2 orc priests.

Vanquished Creatures
  2 orc priests (D:4)
  Jessica (D:2)
  4 gnolls
  2 adders
  A dart slug (D:1)
  2 orcs (D:3)
  4 endoplasms
  3 giant cockroaches
  4 goblins
  4 hobgoblins
  11 jackals
  A quokka (D:1)
  5 ball pythons
  2 bats (D:1)
  4 frilled lizards
  7 kobolds
  7 rats
64 creatures vanquished.

Notes
Turn   | Place    | Note
-------+----------+-------------------------------------------
     0 | D:1      | TheGoonsmith the Demonspawn Gladiator began the quest for
                  | the Orb.
     0 | D:1      | Reached XP level 1. HP: 16/16 MP: 1/1
   233 | D:1      | Reached skill level 3 in Staves
   236 | D:1      | Gained mutation: You have a pair of small antennae on your
                  | head. [demonic ancestry]
   236 | D:1      | Reached XP level 2. HP: 22/22 MP: 2/2
   424 | D:1      | Found Ypneeju's Weapon Emporium.
   497 | D:1      | Reached XP level 3. HP: 28/28 MP: 3/3
   601 | D:1      | Found Rep Lil's Antique Weapon Emporium.
   786 | D:1      | Found Caurhaem's Distillery.
  1175 | D:2      | Noticed Jessica
  1183 | D:2      | Killed Jessica
  1184 | D:2      | Gained mutation: You regenerate magic rapidly. [demonic
                  | ancestry]
  1184 | D:2      | Reached XP level 4. HP: 7/34 MP: 4/4
  1758 | D:3      | Reached skill level 4 in Staves
  1853 | D:3      | Found a shadowy altar of Dithmenos.
  2170 | D:3      | Gained mutation: You regenerate a little health from kills.
                  | [demonic ancestry]
  2170 | D:3      | Reached XP level 5. HP: 26/41 MP: 5/5
  2400 | D:3      | Noticed an angel
  2632 | D:4      | Killed from afar by an orc priest

Illustrated notes

Levels and vault maps discovered:
D:1:      shiori_arrival_maze, layout_loops_corners, serial_shops, shop,
          nicolae_square_shop, nicolae_shop_hallway_stairs
D:2:      layout_basic, uniq_jessica
D:3:      layout_loops_ring, nicolae_dithmenos_the_darkroom, zin_angel
D:4:      layout_basic, fedhas_altar_4, nicolae_shop_vocational

Skill      XL: |  1  2  3  4 |
---------------+-------------+-----
Staves         | 3 4 |  4.5
Dodging        | 3 |  3.7
Fighting       | 3 |  3.3
Throwing       | |  1.7

Action                     |  1- 3 |  4- 6 || total
---------------------------+-------+-------++-------
  Melee: Quarterstaff      |   129 |    75 ||   204
 Armour: Leather armour    |    70 |       ||    70
         Chain mail        |     3 |    66 ||    69
  Dodge: Dodged            |   101 |    27 ||   128

Table legend: (Time is in decaauts)
 A = Elapsed time spent in this place.
 B = Non-inter-level travel time spent in this place.
 C = Inter-level travel time spent in this place.
 D = Time resting spent in this place.
 E = Time spent auto-exploring this place.
 F = Levels seen in this place.
 G = Mean time per level.
                   A        B        C        D        E       F      G
               +--------+--------+--------+--------+--------+-----+--------+
         Total |   2656 |   2581 |     75 |      0 |   2131 |   4 |  664.0 |
       Dungeon |   2656 |   2581 |     75 |      0 |   2131 |   4 |  664.0 |
               +--------+--------+--------+--------+--------+-----+--------+

Top non-repeatable levels by time:
     D:1: 931 daAuts
     D:2: 836 daAuts
     D:3: 767 daAuts
     D:4: 121 daAuts
